 Dungeon Crawl Stone Soup version 0.25-a0-496-g8c4878dea3 (webtiles) character file.

Game seed: 12534429671059868900, levelgen mode: deterministic

34239 Venes the Geomancer (level 13, -6/79 HPs)
             Began as a Gargoyle Earth Elementalist on Feb 11, 2020.
             Was a High Priest of Vehumet.
             Shot with an arrow by Nessos (23 damage)
             ... on level 12 of the Dungeon on Feb 12, 2020.
             The game lasted 00:48:17 (16018 turns).

Venes the Geomancer (Gargoyle Earth Elementalist)  Turns: 16018, Time: 00:48:17

Health: -6/79      AC: 19    Str: 12    XL:     13   Next: 76%
Magic:  3/35       EV: 15    Int: 21    God:    Vehumet [*****.]
Gold:   780        SH:  0    Dex: 10    Spells: 10/30 levels left

rFire    + . .     SeeInvis .   D - +1 flail (vorpal)
rCold    + . .     Gourm    .   (no shield)
rNeg     + . .     Faith    .   j - +2 robe {rC+ rF+}
rPois    ∞         Spirit   .   f - +1 helmet
rElec    +         Reflect  .   (no cloak)
rCorr    .         Harm     .   t - +2 pair of gloves
MR       .....                  (no boots)
Stlth    ++........             G - amulet of magic regeneration
HPRegen  0.23/turn              i - ring of magical power
MPRegen  0.49/turn              (no ring)

@: studying Charms
A: negative energy resistance 1, electricity resistance, unbreathing,
petrification resistance, rot immunity, AC +9
a: Renounce Religion


You were on level 12 of the Dungeon.
You worshipped Vehumet.
Vehumet was extremely pleased with you.
You were not hungry.

You visited 2 branches of the dungeon, and saw 15 of its levels.
You also visited: Bailey.

You collected 780 gold pieces.

Inventory:

Hand Weapons
 r - a +2 whip of freezing
 A - a +2 dire flail
 D - a +1 vorpal flail (weapon)
 L - a +0 morningstar
Missiles
 b - 25 stones (quivered)
 h - 5 throwing nets
Armour
 f - a +1 helmet (worn)
 j - a +2 robe of resistance (worn)
 t - a +2 pair of gloves (worn)
Magical Staves
 m - an uncursed staff of wizardry
 M - an uncursed staff of fire
Jewellery
 i - a ring of magical power (left hand)
 G - an amulet of magic regeneration (around neck)
Wands
 e - a wand of polymorph (8)
 g - a wand of digging (12)
 u - a wand of paralysis (9)
 w - a wand of acid (3)
 F - a wand of random effects (13)
 H - a wand of iceblast (14)
Scrolls
 a - 6 scrolls of enchant weapon
 o - 2 scrolls of teleportation
 s - a scroll of fog
 x - 2 scrolls of amnesia
 y - a scroll of fear
 C - 2 scrolls of remove curse
 E - 3 scrolls of magic mapping
 K - 3 scrolls of identify
Potions
 k - 6 potions of curing
 l - 3 potions of haste
 n - a potion of might
 q - 2 potions of heal wounds
 v - a potion of cancellation
 z - 2 potions of lignification
 B - a potion of ambrosia
 O - 3 potions of brilliance
Books
 p - a manual of Charms
Miscellaneous
 c - a lamp of fire
Comestibles
 d - 22 rations


   Skills:
 + Level 8.6 Fighting
 + Level 7.8 Maces & Flails
 - Level 6.0 Armour
 + Level 6.8 Dodging
 - Level 2.1 Stealth
 + Level 9.3 Spellcasting
 + Level 10.5 Conjurations
   Level 0.7 Transmutations
 + Level 12.2 Earth Magic
 - Level 6.0 Evocations


You had 10 spell levels left.
You knew the following spells:

 Your Spells              Type           Power        Failure   Level  Hunger
a - Sandblast             Erth           ######       1%          1    None
b - Stone Arrow           Conj/Erth      ######       1%          3    None
c - Lee's Rapid Deconstr  Erth           ######....   1%          5    #####..
d - Borgnjor's Vile Clut  Necr/Erth      #####.....   16%         5    #####..
e - Iron Shot             Conj/Erth      ######....   2%          6    ######.

Your spell library contained the following spells:

 Spells                   Type           Power        Failure   Level  Hunger
 Iskenderun's Mystic Bla  Conj/Tloc      ####....     2%          4    ##.....
 Passwall                 Tmut/Erth      #####...     1%          2    None
 Petrify                  Tmut/Erth      #####...     4%          4    ##.....
 Animate Skeleton         Necr           N/A          7%          1    None
 Apportation              Tloc           #.....       7%          1    None
 Corona                   Hex            #......      7%          1    None
 Summon Small Mammal      Summ           #...         7%          1    None
 Ensorcelled Hibernation  Hex/Ice        #.....       11%         2    None
 Confusing Touch          Hex            #.......     22%         3    None
 Gell's Gravitas          Tloc           #.........   22%         3    None
 Yara's Violent Unravell  Hex/Tmut       ##........   38%         5    #####..
 Metabolic Englaciation   Hex/Ice        #.........   89%         5    #####..
 Silence                  Hex/Air        #.........   89%         5    #####..
 Darkness                 Hex            #.........   100%        6    ######.
 Shadow Creatures         Summ           N/A          100%        6    ######.


Dungeon Overview and Level Annotations

Branches:
Dungeon (14/15)            Temple (1/1) D:4            Lair (0/6) D:9
    Orc (0/2) D:10         Vaults (0/5) D:14         Bailey (visited)

Altars:
Ashenzari
Cheibriados
Dithmenos
Elyvilon
Fedhas
Gozag
Hepliaklqana
Kikubaaqudgha
Makhleb
Okawaru
Qazlal
Ru
Sif Muna
Trog
Uskayaw
Vehumet
Wu Jian
Yredelemnul
Zin
The Shining One

Portals:
Trove: D:11 (give +6 demon whip)

Annotations:
D:12 Nessos
D:13 Azrael


Innate Abilities, Weirdness & Mutations

You are resistant to torment.
Your stone body is resilient. (AC +9)
You are immune to poison.
You resist negative energy. (rN+)
You are resistant to electric shocks. (rElec)
You can survive without breathing.
You are immune to petrification.
You are immune to rotting.


Message History

The zombie hands constrict Nessos!
Nessos shoots an arrow.
The arrow hits you! The arrow burns you.
Unknown command.
Casting: Borgnjor's Vile Clutch (quite dangerous; 16% risk of failure)
Confirm with . or Enter, or press ? or * to list all spells.
Aiming: Lee's Rapid Deconstruction (safe; 1% risk of failure)
Press: ? - help, Dir - move target cursor, p - Nessos A rock wall.
The wall shatters!
The blast of rock fragments hits Nessos.
Nessos is heavily wounded.
The zombie hands constrict Nessos.
Nessos shoots an arrow.
The arrow hits you but does no damage.
Nessos shoots an arrow.
The arrow hits you.
The zombie hands constrict Nessos.
Nessos shoots an arrow.
The arrow hits you!!
* * * LOW HITPOINT WARNING * * *
The arrow burns you.
* * * LOW HITPOINT WARNING * * *
Nessos shoots an arrow.
The arrow hits you!!
You die...

#########..########
#..................
#.################# # .#
#.......... ## .#
####.......... .####.####
#.............
.#........##.###(........
................(.##.....
................@.# #####
..................#
.#÷...............#
.#<.......######'##
#####+#### #.# # #c# .
..# . ..# .#


You could see Nessos.

Vanquished Creatures
  A vault guard (D:14)
  A hydra (D:14)
  Erica (D:9)
  A catoblepas (D:14)
  A two-headed ogre (D:14)
  A tengu warrior (D:13)
  A deep elf knight (Bailey)
  An unseen horror (D:14)
  Pikel (D:5)
  16 ugly things
  8 deep elf magi (Bailey)
  A manticore (D:11)
  A cyclops (D:13)
  A cyclops (shapeshifter) (D:14)
  4 gargoyles
  An ice statue (D:9)
  Maggie (D:6)
  A kobold demonologist (D:13)
  A freezing wraith (D:14)
  2 tengu conjurers
  An efreet (D:14)
  6 ice devils (D:9)
  2 trolls
  A hornet (D:14)
  Prince Ribbit (D:6)
  3 hippogriffs
  A meliai zombie (D:13)
  Grinder (D:6)
  7 slime creatures
  A shadow (D:12)
  10 yaks
  A fire elemental (D:14)
  2 wraiths (D:14)
  Grum (D:8)
  A steam dragon (D:12)
  2 hungry ghosts
  4 vampire mosquitoes (D:14)
  Menkaure (D:4)
  Edmund (D:6)
  A soldier ant (D:13)
  A hell hound (D:14)
  A water moccasin (D:7)
  4 ice beasts
  A black bear (D:11)
  9 orc warriors
  2 slaves (D:5)
  A sky beast (D:12)
  6 ogres
  10 centaurs
  4 wolves (D:8)
  Blork the orc (D:4)
  A big kobold (D:9)
  2 gnoll sergeants
  7 bullfrogs
  A wyvern zombie (D:14)
  A wyvern skeleton (D:10)
  A scorpion (D:11)
  5 killer bees (D:11)
  8 wights
  6 electric eels (D:10)
  A howler monkey (D:4)
  7 crimson imps
  3 bullfrog zombies
  A centaur zombie (D:9)
  5 orc priests
  5 hounds
  2 jellies
  A bullfrog skeleton (D:12)
  4 centaur skeletons
  8 worker ants
  4 iguanas
  12 orc wizards
  A hound skeleton (D:4)
  10 adders
  8 gnolls
  A howler monkey skeleton (D:6)
  6 ufetubi (D:9)
  2 oozes
  An adder zombie (D:7)
  3 worms
  A dart slug (D:2)
  3 leopard geckos
  50 orcs
  9 bats
  5 giant cockroaches
  18 goblins
  11 hobgoblins
  13 jackals
  8 frilled lizards
  19 kobolds
  2 quokka skeletons
  7 rats
397 creatures vanquished.

Vanquished Creatures (others)
  A jelly (D:14)
1 creature vanquished.

Grand Total: 398 creatures vanquished

Notes
Turn   | Place    | Note
-------+----------+-------------------------------------------
     0 | D:1      | Venes the Gargoyle Earth Elementalist began the quest for
                  | the Orb.
     0 | D:1      | Reached XP level 1. HP: 10/10 MP: 3/3
   269 | D:1      | Reached XP level 2. HP: 15/15 MP: 5/5
   300 | D:1      | Reached skill level 4 in Earth Magic
   761 | D:1      | Reached XP level 3. HP: 19/19 MP: 6/6
   766 | D:1      | Learned a level 3 spell: Stone Arrow
  1497 | D:2      | Found a bloodstained altar of Trog.
  1531 | D:2      | Reached skill level 1 in Conjurations
  1683 | D:2      | Reached XP level 4. HP: 22/24 MP: 8/8
  2210 | D:3      | Found a hazy altar of Hepliaklqana.
  2210 | D:3      | Found a blossoming altar of Fedhas.
  2211 | D:3      | Found a burning altar of Makhleb.
  2267 | D:3      | Reached skill level 5 in Earth Magic
  2429 | D:3      | Reached XP level 5. HP: 24/28 MP: 9/9
  2506 | D:3      | Found a sacrificial altar of Ru.
  2713 | D:3      | Learned a level 5 spell: Lee's Rapid Deconstruction
  3006 | D:4      | Reached XP level 6. HP: 32/32 MP: 11/11
  3113 | D:4      | Found a staircase to the Ecumenical Temple.
  3118 | Temple   | Entered the Ecumenical Temple
  3133 | Temple   | Became a worshipper of Vehumet
  3401 | D:4      | Reached skill level 6 in Earth Magic
  3611 | D:4      | Found an ornate altar of the Wu Jian Council.
  3629 | D:4      | Noticed Menkaure
  3633 | D:4      | Killed Menkaure
  3633 | D:4      | Reached XP level 7. HP: 36/36 MP: 13/13
  3681 | D:4      | Noticed Blork the orc
  3686 | D:4      | Killed Blork the orc
  3803 | D:4      | Found a hide-covered altar of Uskayaw.
  4056 | D:5      | Entered Level 5 of the Dungeon
  4125 | D:5      | Reached skill level 7 in Earth Magic
  4172 | D:5      | Found a sacrificial altar of Ru.
  4203 | D:5      | Reached skill level 5 in Spellcasting
  4203 | D:5      | Reached skill level 5 in Conjurations
  4203 | D:5      | Reached XP level 8. HP: 26/41 MP: 15/15
  4389 | D:5      | Noticed Pikel
  4395 | D:5      | Killed Pikel
  4395 | D:5      | Reached skill level 8 in Earth Magic
  4823 | D:6      | Found a shattered altar of Ashenzari.
  4867 | D:6      | Noticed Grinder
  4892 | D:6      | Killed Grinder
  4892 | D:6      | Reached skill level 1 in Fighting
  4892 | D:6      | Reached skill level 1 in Maces & Flails
  4892 | D:6      | Reached skill level 1 in Armour
  4902 | D:6      | Noticed Maggie
  4909 | D:6      | Reached XP level 9. HP: 44/47 MP: 18/18
  4950 | D:6      | Killed Maggie
  4950 | D:6      | Reached skill level 1 in Evocations
  5073 | D:6      | Noticed Edmund
  5095 | D:6      | Killed Edmund
  5432 | D:6      | Noticed Prince Ribbit
  5436 | D:6      | Killed Prince Ribbit
  5528 | D:6      | Reached * piety under Vehumet
  5528 | D:6      | Offered knowledge of Shock by Vehumet.
  5797 | D:7      | Found a basalt altar of Yredelemnul.
  5803 | D:7      | Found an opulent altar of Gozag.
  5805 | D:7      | Found a shadowy altar of Dithmenos.
  5805 | D:7      | Found a glowing silver altar of Zin.
  5900 | D:7      | Found a flagged portal.
  5924 | Bailey   | Entered a bailey
  5942 | Bailey   | Noticed a deep elf mage
  5945 | Bailey   | Killed a deep elf mage
  5999 | Bailey   | Noticed a deep elf mage
  6001 | Bailey   | Noticed a deep elf mage
  6001 | Bailey   | Noticed a deep elf mage
  6001 | Bailey   | Noticed a deep elf mage
  6001 | Bailey   | Noticed a deep elf mage
  6006 | Bailey   | Killed a deep elf mage
  6006 | Bailey   | Reached skill level 9 in Earth Magic
  6006 | Bailey   | Reached XP level 10. HP: 56/56 MP: 12/19
  6007 | Bailey   | Noticed a deep elf mage
  6008 | Bailey   | Killed a deep elf mage
  6011 | Bailey   | Killed a deep elf mage
  6016 | Bailey   | Killed a deep elf mage
  6018 | Bailey   | Killed a deep elf mage
  6021 | Bailey   | Killed a deep elf mage
  6162 | Bailey   | Noticed a deep elf knight
  6165 | Bailey   | Killed a deep elf knight
  6282 | Bailey   | Learned a level 5 spell: Borgnjor's Vile Clutch
  6363 | Bailey   | Noticed a deep elf mage
  6367 | Bailey   | Killed a deep elf mage
  6367 | Bailey   | Reached XP level 11. HP: 52/62 MP: 21/21
  6770 | D:7      | Offered knowledge of Freeze by Vehumet.
  6917 | D:7      | Reached ** piety under Vehumet
  6977 | D:7      | Found a snail-covered altar of Cheibriados.
  7013 | D:7      | Reached skill level 10 in Earth Magic
  7185 | D:8      | Noticed Grum
  7193 | D:8      | Reached skill level 5 in Fighting
  7193 | D:8      | Reached skill level 5 in Armour
  7196 | D:8      | Killed Grum
  7654 | D:8      | Offered knowledge of Static Discharge by Vehumet.
  8084 | D:9      | Noticed Erica
  8094 | D:9      | Killed Erica
  8115 | D:9      | Found a stormy altar of Qazlal.
  8148 | D:9      | Reached *** piety under Vehumet
  8545 | D:9      | Reached skill level 5 in Maces & Flails
  8675 | D:9      | Offered knowledge of Olgreb's Toxic Radiance by Vehumet.
  8886 | D:9      | Found an iron altar of Okawaru.
  8917 | D:9      | Found a staircase to the Lair.
  9246 | D:10     | Entered Level 10 of the Dungeon
  9286 | D:10     | Found a staircase to the Orcish Mines.
  9712 | D:10     | Reached **** piety under Vehumet
  9784 | D:10     | Offered knowledge of Inner Flame by Vehumet.
 10276 | D:11     | Noticed a purple ugly thing
 10281 | D:11     | Killed a purple ugly thing
 10281 | D:11     | Reached skill level 5 in Dodging
 10429 | D:11     | Noticed a manticore
 10440 | D:11     | Killed a manticore
 10440 | D:11     | Reached XP level 12. HP: 41/70 MP: 14/23
 10583 | D:11     | Reached skill level 5 in Evocations
 10626 | D:11     | Found a portal to a secret trove of treasure.
 11077 | D:11     | Reached ***** piety under Vehumet
 11353 | D:12     | Offered knowledge of Iron Shot by Vehumet.
 11592 | D:12     | You fall into a shaft and drop 2 floors!
 11691 | D:14     | Noticed a five-headed hydra
 11706 | D:14     | Killed a five-headed hydra
 11706 | D:14     | Reached skill level 11 in Earth Magic
 11970 | D:13     | Found a sacrificial altar of Ru.
 12133 | D:13     | Noticed a tengu warrior
 12308 | D:13     | Upgraded the game from 0.25-a0-489-g9ae84a01e3 to
                  | 0.25-a0-496-g8c4878dea3
 12318 | D:13     | Noticed Azrael
 12627 | D:14     | Learned a level 6 spell: Iron Shot
 13202 | D:14     | Reached XP level 13. HP: 76/76 MP: 25/25
 13267 | D:14     | Reached skill level 10 in Conjurations
 13915 | D:14     | Found a glowing golden altar of the Shining One.
 14008 | D:14     | Noticed a vault guard
 14014 | D:14     | Killed a vault guard
 14238 | D:14     | Found a gate to the Vaults.
 14766 | D:13     | Reached skill level 12 in Earth Magic
 15293 | D:13     | Offered knowledge of Iskenderun's Mystic Blast by Vehumet.
 15584 | D:12     | You fall into a shaft and drop 1 floor!
 16012 | D:12     | Noticed Nessos
 16018 | D:12     | Shot with an arrow by Nessos

Levels and vault maps discovered:
D:1:      minmay_arrival_split_and_join, layout_basic, minmay_lizard_king
D:2:      layout_loops_ring, first_ration, trog_hazing_becter
D:3:      layout_rooms, lemuel_doored_altar,
          chequers_temple_overflow_statue_of_worship
D:4:      layout_loops_corners, lemuel_crystal_altar, old_standard_altar,
          temple_doors_e, minmay_manual_monolith, uniq_blork_the_orc,
          uniq_menkaure
D:5:      layout_rooms, basic_altar, chequers_big_river, uniq_pikel
D:6:      layout_loops_ring, ashenzari_conservatory_becter, uniq_maggie,
          uniq_edmund, uniq_prince_ribbit1, uniq_grinder
D:7:      layout_basic, grunt_temple_overflow_open, basic_altar, enter_bailey_7,
          hex_tiny
D:8:      layout_basic, uniq_grum
D:9:      cheibrodos_frozen_isle, layout_cave_pools, okawaru_altar_gauntlet_db,
          nicolae_overflow_crystal_walls, dpeg_oklobed_lair, uniq_erica
D:10:     layout_basic, grunt_tengu_nest
D:11:     layout_loops_ring, enter_trove_2
D:12:     layout_basic, serial_shops, shop, minmay_diced_spiral, uniq_nessos
D:13:     layout_basic, basic_altar, uniq_azrael
D:14:     layout_gridville, david_vaults_5, kennysheep_another_room, drop_trap,
          minmay_misc_feat_tower, st_stairs_11, tso_altar
Temple:   compressed_dpeg_triangle_lava_temple

Skill      XL: |  1  2  3  4  5  6  7  8  9 10 11 12 13 |
---------------+----------------------------------------+-----
Earth Magic    | 4 5 6 7 8 9 10 11 12 | 12.2
Conjurations   | 1 2 4 5 6 7 8 9 10 | 10.5
Spellcasting   | 3 4 5 6 7 8 9 |  9.3
Fighting       | 1 3 4 6 7 8 |  8.6
Maces & Flails | 1 3 4 5 6 7 |  7.8
Armour         | 1 3 4 6 |  6.0
Dodging        | 3 4 5 6 |  6.8
Evocations     | 2 3 4 6 |  6.0
Stealth        | |  2.1
Transmutations | |  0.7

Action                   |  1- 3 |  4- 6 |  7- 9 | 10-12 | 13-15 || total
-------------------------+-------+-------+-------+-------+-------++-------
Melee: Dagger            |   140 |    81 |    15 |       |       ||   236
       Mace              |       |       |     5 |       |       ||     5
       Whip              |       |       |    88 |    27 |       ||   115
       Flail             |       |       |       |   183 |   139 ||   322
 Cast: Sandblast         |    21 |    58 |    62 |   253 |    56 ||   450
       Stone Arrow       |       |     1 |    29 |    58 |    33 ||   121
       Lee's Rapid Decon |       |       |     2 |    31 |    12 ||    45
       Borgnjor's Vile C |       |       |       |     9 |     2 ||    11
       Iron Shot         |       |       |       |       |    31 ||    31
Evoke: Wand              |       |       |     1 |    13 |     1 ||    15
  Use: Scroll            |     7 |     7 |     8 |    11 |     3 ||    36
       Potion            |       |       |       |     5 |       ||     5
 Stab: Sleeping          |     2 |     3 |     1 |     3 |       ||     9
       Distracted        |       |       |       |     1 |       ||     1
  Eat: Chunk             |     3 |     6 |     5 |    25 |    11 ||    50
       Ration            |       |       |     1 |     3 |     4 ||     8
Armor: Robe              |    54 |    38 |    62 |   225 |    86 ||   465
Dodge: Dodged            |   103 |    64 |    92 |   352 |   104 ||   715

Table legend:
 A = Non-vault XP
 B = Vault XP
 C = Vault XP percentage of total XP
 D = Non-vault monster count
 E = Vault monster count
 F = Vault count percentage of total count
                 A         B        C        D         E       F
            +---------+---------+-------+---------+---------+-------
      Total |   32275 |   16638 |  34.0 |     325 |      70 |  17.7
            +---------+---------+-------+---------+---------+-------
        D:1 |      35 |       8 |  18.6 |      22 |       6 |  21.4
        D:2 |      48 |      10 |  17.2 |      21 |       6 |  22.2
        D:3 |     162 |       0 |   0.0 |      35 |       0 |   0.0
        D:4 |     348 |     332 |  48.8 |      10 |       4 |  28.6
        D:5 |     417 |     651 |  61.0 |       8 |       1 |  11.1
        D:6 |     421 |    1060 |  71.6 |      12 |       4 |  25.0
        D:7 |    1348 |       8 |   0.6 |      27 |       4 |  12.9
        D:8 |     671 |     655 |  49.4 |      13 |       5 |  27.8
        D:9 |     387 |    3474 |  90.0 |      16 |      20 |  55.6
       D:10 |    1545 |     338 |  18.0 |      21 |       1 |   4.5
       D:11 |    4637 |       0 |   0.0 |      49 |       0 |   0.0
       D:12 |    1410 |       0 |   0.0 |       7 |       0 |   0.0
       D:13 |    6968 |       0 |   0.0 |      39 |       0 |   0.0
       D:14 |   13878 |    4596 |  24.9 |      45 |      10 |  18.2
     Bailey |       0 |    5506 | 100.0 |       0 |       9 | 100.0
            +---------+---------+-------+---------+---------+-------
